 Dungeon Crawl Stone Soup version 0.23.2-1-ga50397a (webtiles) character file.

Game seed: 14579417267400565752

47 night the Firebug (level 3, -1/24 HPs)
             Began as a Demonspawn Fire Elementalist on Apr 16, 2019.
             Slain by a worm (7 damage)
             ... on level 2 of the Dungeon.
             The game lasted 00:05:25 (1892 turns).

night the Firebug (Demonspawn Fire Elementalist)    Turns: 1892, Time: 00:05:26

Health: -1/24      AC:  8    Str:  8    XL:     3   Next: 48%
Magic:  0/6        EV: 12    Int: 17    God:
Gold:   75         SH:  0    Dex: 13    Spells: 1/7 levels left

rFire    . . .     SeeInvis .   o - +0 spear
rCold    . . .     Gourm    .   (no shield)
rNeg     . . .     Faith    .   a - +0 robe
rPois    .         Spirit   .   (no helmet)
rElec    .         Reflect  .   (no cloak)
rCorr    .         Harm     .   (no gloves)
MR       .....                  (no boots)
Stlth    ++........             (no amulet)
HPRegen  0.08/turn              (no ring)
MPRegen  0.10/turn              (no ring)

@: sanguine armour
A: sanguine armour 1
a: no special abilities


You were on level 2 of the Dungeon.
You were hungry.

You visited 1 branch of the dungeon, and saw 2 of its levels.

You collected 75 gold pieces.

Inventory:

Hand Weapons
 g - a +0 dagger
 o - a +0 spear (weapon)
Missiles
 d - 28 stones (quivered)
 k - 18 arrows
Armour
 a - a +0 robe (worn)
Scrolls
 b - a scroll of fog {unknown}
 f - 3 scrolls of identify {unknown}
 h - a scroll of teleportation {unknown}
 j - a scroll of remove curse {unknown}
 m - a scroll of enchant weapon {unknown}
Potions
 e - a potion of ambrosia {unknown}
 i - 2 potions of flight {unknown}
 l - a potion of curing {unknown}
 n - a potion of degeneration {unknown}
Comestibles
 c - a ration
 p - 3 chunks of flesh


   Skills:
 + Level 0.2 Polearms
 - Level 1.7 Dodging
 - Level 1.7 Stealth
 + Level 2.6 Spellcasting
 + Level 2.0 Conjurations
 + Level 3.2 Fire Magic


You had one spell level left.
You knew the following spells:

 Your Spells              Type           Power        Failure   Level  Hunger
a - Flame Tongue          Conj/Fire      ##...        6%          1    #......
b - Throw Flame           Conj/Fire      ##....       10%         2    ##.....
c - Conjure Flame         Conj/Fire      ##......     19%         3    ###....

Your spell library contained the following spells:

 Spells                   Type           Power        Failure   Level  Hunger
 Inner Flame              Hex/Fire       #.......     28%         3    ###....
 Sticky Flame             Conj/Fire      ##......     52%         4    #####..
 Fireball                 Conj/Fire      ##........   86%         5    ######.


Dungeon Overview and Level Annotations

Branches:
Dungeon (2/15)

Altars:


Innate Abilities, Weirdness & Mutations

When seriously injured, your bleeding wounds create armour. (AC +6)


Message History

The bat barely misses you. The bat hits you but does no damage. x2
Casting: Flame Tongue (safe; 6% risk of failure)
Confirm with . or Enter, or press ? or * to list all spells.
Aiming: Flame Tongue (safe; 6% risk of failure)
Press: ? - help, Shift-Dir - straight line, f/p - worm
Aim: a worm (moderately wounded)
The flame tongue hits the worm.
The worm is moderately wounded.
The bat barely misses you.
Casting: Flame Tongue (safe; 6% risk of failure)
Confirm with . or Enter, or press ? or * to list all spells.
Aiming: Flame Tongue (safe; 6% risk of failure)
Press: ? - help, Shift-Dir - straight line, f/p - worm
Aim: a worm (moderately wounded)
The flame tongue hits the worm!
The worm is almost dead.
The bat misses you. The worm bites you but does no damage.
The bat hits you but does no damage. The worm bites you!
You die...

............#.......#
..$....w.######..####
......##..##.>..##
###.# ##.##.#### #.
#....รท.# #[.....#
#......# #......#
#@w....# #.b....#
#).....# #......#
########


You could see a worm and a bat.

Vanquished Creatures
  An ooze (D:1)
  A worm (D:2)
  A dart slug (D:1)
  2 leopard geckos (D:1)
  2 bats
  A giant cockroach (D:1)
  5 goblins (D:1)
  7 hobgoblins
  5 frilled lizards
  3 kobolds
  8 rats (D:1)
36 creatures vanquished.

Notes
Turn   | Place    | Note
-------+----------+-------------------------------------------
     0 | D:1      | night the Demonspawn Fire Elementalist began the quest for
                  | the Orb.
     0 | D:1      | Reached XP level 1. HP: 13/13 MP: 3/3
   335 | D:1      | Gained mutation: When seriously injured, your bleeding
                  | wounds create armour. (AC +6) [demonic ancestry]
   335 | D:1      | Reached XP level 2. HP: 10/19 MP: 3/5
   597 | D:1      | Reached skill level 3 in Fire Magic
   977 | D:1      | Reached XP level 3. HP: 21/24 MP: 3/6
  1275 | D:1      | Learned a level 2 spell: Throw Flame
  1279 | D:1      | Learned a level 3 spell: Conjure Flame
  1892 | D:2      | Slain by a worm

Skill      XL: |  1  2  3 |
---------------+----------+-----
Fire Magic     | 3 |  3.2
Conjurations   | 2 |  2.0
Polearms       | |  0.2
Dodging        | |  1.7
Stealth        | |  1.7
Spellcasting   | |  2.6

Action                   || total
-------------------------++-------
Melee: Dagger            ||    41
       Unarmed           ||     1
       Spear             ||    58
 Cast: Flame Tongue      ||    46
       Conjure Flame     ||     1
 Stab: Sleeping          ||     2
  Eat: Chunk             ||     3
Armor: Robe              ||    18
Dodge: Dodged            ||    68
